 Dungeon Crawl Stone Soup version 0.24.0-13-gcf9b319 (webtiles) character file.

Game seed: 4411641975599745756, levelgen mode: deterministic

1236 Bronimir the Firebug (level 8, -2/63 HPs)
             Began as a Hill Orc Fire Elementalist on Mar 25, 2020.
             Was a Believer of Okawaru.
             Slain by an orc warrior
             ... wielding a +0 glaive
              (22 damage)
             ... on level 6 of the Dungeon.
             The game lasted 00:16:09 (6875 turns).

Bronimir the Firebug (Hill Orc Fire Elementalist)   Turns: 6875, Time: 00:16:10

Health: -2/63      AC: 10    Str: 13    XL:     8   Next: 49%
Magic:  11/11      EV: 11    Int: 20    God:    Okawaru [**....]
Gold:   379        SH:  0    Dex: 11    Spells: 2/11 levels left

rFire    + . .     SeeInvis .   a - +5 spear of Inaskoith {speed, +Rage Int+5}
rCold    . . .     Gourm    .   (no shield)
rNeg     + . .     Faith    .   h - +1 ring mail
rPois    .         Spirit   .   p - +0 helmet
rElec    .         Reflect  .   m - +0 cloak
rCorr    .         Harm     .   I - +0 pair of gloves
MR       .....                  (no boots)
Stlth    ..........             (no amulet)
HPRegen  0.20/turn              t - ring of positive energy
MPRegen  0.12/turn              v - ring of protection from fire

@: confused
A: no striking features
a: Heroism, Renounce Religion, Convert to Beogh, Evoke Berserk Rage


You were on level 6 of the Dungeon.
You worshipped Okawaru.
Okawaru was pleased with you.
You were not hungry.

You visited 2 branches of the dungeon, and saw 7 of its levels.
You also visited: Sewer.

You collected 379 gold pieces.

Inventory:

Hand Weapons
 a - the +5 spear of Inaskoith (weapon) {speed, +Rage Int+5}
   (You found it on level 4 of the Dungeon)

   Attacks with this weapon are significantly faster.
   It affects your intelligence (+5).
   It lets you go berserk.
 b - the +1 hand crossbow of Umi Rom {freeze, Dex+3 SInv}
   (You found it in a sewer)

   It causes projectiles fired from it to freeze those they strike, causing
   extra injury to most foes and up to half again as much damage against
   particularly susceptible opponents.
   They can also slow down cold-blooded creatures.
   It affects your dexterity (+3).
   It lets you see invisible.
 y - a +0 hand axe
 A - a +0 quarterstaff
 D - a +0 hunting sling
Missiles
 e - 21 arrows
 f - 209 stones (quivered)
 g - 19 sling bullets
 u - 39 bolts
 B - 2 boomerangs
 F - 2 silver javelins
Armour
 h - a +1 ring mail (worn)
 m - a +0 cloak (worn)
 p - a +0 helmet (worn)
 r - a +0 robe
 I - a +0 pair of gloves (worn)
Jewellery
 t - a ring of positive energy (left hand)
 v - a ring of protection from fire (right hand)
Wands
 n - a wand of digging (4)
Scrolls
 i - 4 scrolls of identify
 k - 5 scrolls of teleportation
 w - a scroll of fear {unknown}
 x - a scroll of fog {unknown}
 G - a scroll of remove curse
Potions
 d - 3 potions of curing
 j - a potion of brilliance {unknown}
 l - 2 potions of might {unknown}
 o - 5 potions of flight
 q - a potion of magic {unknown}
 s - 3 potions of heal wounds
 z - 2 potions of lignification {unknown}
 C - a potion of mutation {unknown}
 E - 2 potions of agility {unknown}
Comestibles
 c - 10 rations
 H - 8 chunks of flesh


   Skills:
 + Level 3.3 Fighting
 + Level 1.8(3.3) Axes
   Level 0.7(1.2) Maces & Flails
 + Level 3.4(3.6) Polearms
 * Level 5.1 Armour
 + Level 2.1 Dodging
 - Level 1.5 Stealth
 + Level 2.4 Spellcasting
 * Level 3.1 Conjurations
 * Level 5.4 Fire Magic
 * Level 2.5 Invocations
 * Level 2.7 Evocations


You had 2 spell levels left.
You knew the following spells:

 Your Spells              Type           Power        Failure   Level  Hunger
a - Flame Tongue          Conj/Fire      ###..        5%          1    #......
b - Throw Flame           Conj/Fire      ###...       8%          2    ##.....
c - Conjure Flame         Conj/Fire      ###.....     16%         3    ###....
d - Mephitic Cloud        Conj/Pois/Air  #.......     50%         3    ###....

Your spell library contained the following spells:

 Spells                   Type           Power        Failure   Level  Hunger
 Magic Dart               Conj           ###.         9%          1    #......
 Blink                    Tloc           N/A          41%         2    ##.....
 Call Imp                 Summ           #.......     41%         2    ##.....
 Slow                     Hex            #.......     41%         2    ##.....
 Inner Flame              Hex/Fire       ##......     30%         3    ###....
 Sticky Flame             Conj/Fire      ###.....     45%         4    #####..
 Fireball                 Conj/Fire      ###.......   82%         5    ######.


Dungeon Overview and Level Annotations

Branches:
Dungeon (6/15)             Temple (1/1) D:4           Sewer (visited)

Altars:
Ashenzari
Dithmenos
Elyvilon
Fedhas
Gozag
Hepliaklqana
Makhleb
Okawaru
Ru
Uskayaw
Wu Jian
Xom
Yredelemnul
Zin

Annotations:
D:3 2 transporters


Message History

The orc warrior misses you.
The orc wizard hits you but does no damage.
The orc wizard hits you but does no damage.
You see here an orc corpse.
You closely miss the orc priest.
The orc priest threatens, "By the altar or by the axe, you will meet Beogh!"
The orc priest looks satisfied for a moment.
The orc warrior hits you with a +0 glaive!
You closely miss the orc priest.
The orc wizard gestures at you while chanting.
The puff of flame hits you but does no damage.
You resist. The orc priest closely misses you.
You closely miss the orc wizard. The orc warrior barely misses you.
You puncture the orc priest!
The orc priest is heavily wounded.
The orc wizard casts a spell at you. The magic dart hits you!
The orc priest hits you with a +0 dagger.
The orc warrior hits you from afar with a +0 glaive!!
You die...

######## #..
#......### #..
..........## #..
..######...## #..
##...## #..
##...## #.. ..
##.....## #..
#...######...##..#
#..
#..(.o†@...###..##
#.. ##...oo...##
##..# #.>
#...##...#
#..#####.. #..#
##..# #..†......
#.. #..#
#......... #. ...#
########.. # ..##
#.. .## ### #


You could see an orc warrior, an orc priest and an orc wizard.

Vanquished Creatures
  3 ogres (D:4)
  A sky beast (D:6)
  A phantom (D:4)
  A bullfrog (D:5)
  A scorpion (D:4)
  A bullfrog zombie (D:6)
  A gnoll shaman (D:5)
  2 orc priests
  3 hounds (D:4)
  2 orc wizards
  A bullfrog skeleton (D:4)
  An iguana (D:4)
  A merfolk siren (Sewer)
  A merfolk avatar (Sewer)
  2 worker ants
  6 adders
  7 gnolls
  5 river rats (Sewer)
  An ooze (D:1)
  4 worms
  2 dart slugs
  5 leopard geckos
  7 orcs
  4 ball pythons
  9 bats
  10 giant cockroaches
  6 hobgoblins
  7 frilled lizards
  6 goblins
  4 kobolds
  A leopard gecko skeleton (D:4)
  A quokka zombie (D:5)
  30 rats
137 creatures vanquished.

Vanquished Creatures (others)
  An orc wizard (D:6)
1 creature vanquished.

Grand Total: 138 creatures vanquished

Notes
Turn   | Place    | Note
-------+----------+-------------------------------------------
     0 | D:1      | Bronimir the Hill Orc Fire Elementalist began the quest for
                  | the Orb.
     0 | D:1      | Reached XP level 1. HP: 14/14 MP: 3/3
   189 | D:1      | Reached XP level 2. HP: 20/20 MP: 0/4
   579 | D:1      | Learned a level 2 spell: Throw Flame
   760 | D:1      | Reached XP level 3. HP: 26/26 MP: 5/5
  1268 | D:2      | Reached skill level 1 in Armour
  1769 | D:2      | Found a blossoming altar of Fedhas.
  1774 | D:2      | Found an ornate altar of the Wu Jian Council.
  1839 | D:3      | Found a transporter.
  1839 | D:3      | Found the +7 Kryia's mail coat {PotionHeal*2 rC+}
  1893 | D:3      | Found a sacrificial altar of Ru.
  1967 | D:3      | Found a shattered altar of Ashenzari.
  2061 | D:3      | Found a transporter.
  2078 | D:3      | Reached skill level 1 in Fighting
  2078 | D:3      | Reached XP level 4. HP: 14/35 MP: 1/6
  2452 | D:3      | Learned a level 3 spell: Conjure Flame
  3096 | D:4      | Noticed an ogre
  3137 | D:4      | Killed an ogre
  3137 | D:4      | Reached skill level 1 in Axes
  3137 | D:4      | Reached XP level 5. HP: 5/41 MP: 0/7
  3431 | D:4      | Got a warped spear
  3432 | D:4      | Identified the +5 spear of Inaskoith {speed, +Rage Int+5}
                  | (You found it on level 4 of the Dungeon)
  3456 | D:4      | Noticed a phantom
  3467 | D:4      | Killed a phantom
  3467 | D:4      | Reached XP level 6. HP: 39/48 MP: 7/9
  3474 | D:4      | Found a staircase to the Ecumenical Temple.
  3486 | D:4      | Reached skill level 1 in Evocations
  3695 | Temple   | Entered the Ecumenical Temple
  3766 | Temple   | Became a worshipper of Warmaster Okawaru
  4036 | Temple   | Learned a level 3 spell: Mephitic Cloud
  4298 | D:4      | Reached XP level 7. HP: 52/56 MP: 4/10
  4305 | D:4      | Reached skill level 1 in Invocations
  4377 | D:4      | Reached skill level 1 in Polearms
  4418 | D:4      | Found an iron altar of Okawaru.
  4476 | D:4      | Reached * piety under Okawaru
  4556 | D:4      | Reached skill level 5 in Fire Magic
  4931 | D:5      | Entered Level 5 of the Dungeon
  5250 | D:5      | Found a glowing drain.
  5268 | Sewer    | Entered a sewer
  5785 | Sewer    | Reached XP level 8. HP: 63/63 MP: 11/11
  6004 | Sewer    | Got an ivory hand crossbow
  6006 | Sewer    | Identified the cursed +1 hand crossbow of Umi Rom {freeze,
                  | Dex+3 SInv} (You found it in a sewer)
  6135 | D:5      | Found an opulent altar of Gozag.
  6669 | D:6      | Reached ** piety under Okawaru
  6670 | D:6      | Reached skill level 5 in Armour
  6875 | D:6      | Slain by an orc warrior

Levels and vault maps discovered:
D:1:      dpeg_arrival_subterranean_lakeside_camping, layout_loops_ring,
          minmay_bisected
D:2:      layout_loops_cross, minitemple, chequers_decorated_corner,
          minmay_crystal_room, minmay_liquid_box
D:3:      gammafunk_wand_slinger, layout_loops_ring, nicolae_ru_awakened_eye,
          ashenzari_altar_1
D:4:      layout_gridville, minmay_temple_entry_purple_smoke, okawaru_trees_1
D:5:      layout_rooms, grunt_gozag_breadcrumbs, gup_sewer_entry_pipe,
          first_ration
D:6:      layout_basic, kiku_gazebo_pond_becter, nicolae_sextant
Temple:   dpeg_three_leaves_temple

Skill      XL: |  1  2  3  4  5  6  7  8 |
---------------+-------------------------+-----
Fire Magic     | 4 5 |  5.4
Armour         | 1 2 3 4 5 |  5.1
Fighting       | 1 2 3 |  3.3
Axes           | 1 |  1.8
Spellcasting   | 2 |  2.4
Evocations     | 1 2 |  2.7
Conjurations   | 2 3 |  3.1
Invocations    | 1 2 |  2.5
Polearms       | 2 3 |  3.4
Dodging        | 2 |  2.1
Maces & Flails | |  0.7
Stealth        | |  1.5

Action                   |  1- 3 |  4- 6 |  7- 9 || total
-------------------------+-------+-------+-------++-------
Melee: Unarmed           |     8 |       |       ||     8
       Club              |    19 |       |       ||    19
       Hand axe          |    37 |    32 |       ||    69
       Long sword        |     3 |       |       ||     3
       Spear             |       |    22 |   222 ||   244
 Cast: Flame Tongue      |    50 |    31 |    67 ||   148
       Throw Flame       |     1 |     1 |     4 ||     6
  Use: Potion            |       |     1 |       ||     1
       Scroll            |       |       |     4 ||     4
 Stab: Sleeping          |     1 |       |       ||     1
  Eat: Chunk             |     2 |     4 |     9 ||    15
       Ration            |     1 |     1 |       ||     2
Armor: Ring mail         |    39 |    22 |    66 ||   127
Dodge: Dodged            |    54 |    38 |   100 ||   192
       Rpst.: Long sword |     1 |       |       ||     1
